 Dungeon Crawl Stone Soup version 0.31-a0-237-g2d982f9f85 (webtiles) character file.

Game seed: 15438522840782711823

567 qw the Shooter (level 7, -2/44 HPs)
             Began as a Gargoyle Hexslinger on July 10, 2023.
             Slain by a gnoll sergeant
             ... wielding a +0 trident
              (8 damage)
             ... on level 4 of the Dungeon.
             The game lasted 00:01:41 (4029 turns).

qw the Shooter (Gargoyle Hexslinger)                Turns: 4029, Time: 00:01:42

Health: -2/44      AC: 10    Str: 12    XL:     7   Next: 33%
Magic:  8/8        EV: 12    Int: 13    God:
Gold:   147        SH:  0    Dex: 14    Spells: 7/8 levels left

rFire   + + .        Y - +0 shortbow
rCold   + . .        (shield currently unavailable)
rNeg    + . .        c - +0 robe {Will+}
rPois   inf          k - +0 helmet
rElec   +            p - scarf {rC+ rF+}
rCorr   .            (no gloves)
SInv    .            r - +2 pair of boots
Will    +....        (no amulet)
Stlth   +            f - ring of protection from fire
HPRegen 0.27/turn    (no ring)
MPRegen 0.11/turn

%: no passive effects
@: no status effects
A: sickness immunity, AC +4, negative energy resistance 1, electricity
resistance, torment resistance 1, petrification resistance
a: no special abilities


You were on level 4 of the Dungeon.
You visited 1 branch of the dungeon, and saw 4 of its levels.
You also visited: Sewer.

You collected 235 gold pieces.
You spent 88 gold pieces at shops.


Innate Abilities, Weirdness & Mutations

You are immune to sickness and miasma.
Your stone body is resilient. (AC +4)
You are immune to poison.
You resist negative energy. (rN+)
You are resistant to electric shocks. (rElec)
You are resistant to unholy torment.
You are immune to petrification.


   Skills:
 - Level 4.6 Fighting
 + Level 6.5 Ranged Weapons
 - Level 1.0 Armour
 - Level 1.5 Dodging
 - Level 1.0 Spellcasting
 - Level 2.6 Hexes


You had 7 spell levels left.
You knew the following spells:

 Your Spells              Type           Power      Damage    Failure   Level
a - Slow                  Hex            28%        N/A       10%         1

Your spell library contained the following spells:

 Spells                   Type           Power      Damage    Failure   Level
 Inner Flame              Hex/Fire       4%         N/A       43%         3
 Portal Projectile        Hex/Tloc       8%         N/A       43%         3
 Cause Fear               Hex            3%         N/A       67%         4

Inventory:

Hand Weapons
 Y - a +0 shortbow (weapon)
Armour
 c - a +0 robe of willpower (worn)
 d - a +0 ring mail
 k - a +0 helmet (worn)
 l - a +0 cloak
 p - a scarf of resistance (worn)
 r - a +2 pair of boots (worn)
Jewellery
 f - a ring of protection from fire (left hand)
Scrolls
 i - a scroll of identify
 t - a scroll of enchant weapon {unknown}
Potions
 a - a potion of haste {unknown}
 b - a potion of curing
 e - a potion of berserk rage {unknown}
 g - a potion of mutation {unknown}
 h - a potion of attraction {unknown}
 j - a potion of might
 m - 3 potions of resistance {unknown}
 n - 9 potions of enlightenment
 o - a potion of heal wounds {unknown}
 q - a potion of magic {unknown}
 s - 2 potions of ambrosia {unknown}

Dungeon Overview and Level Annotations

Branches:
Dungeon (4/15)              Sewer (visited)
 Temple: D:4-7

Altars:
Qazlal
Wu Jian

Shops:
D:2 ?*[[


Message History

The gnoll sergeant hits you but does no damage.
You shoot an arrow.
The arrow hits the gnoll sergeant but does no damage.
The gnoll sergeant is lightly wounded.
The gnoll sergeant closely misses you.
You shoot an arrow.
The arrow barely misses the gnoll sergeant.
The gnoll sergeant completely misses you.
You shoot an arrow. The arrow hits the gnoll sergeant!
The gnoll sergeant is moderately wounded.
The gnoll sergeant misses you.
You shoot an arrow.
The arrow hits the gnoll sergeant but does no damage.
The gnoll sergeant is moderately wounded.
The gnoll sergeant misses you.
You shoot an arrow.
The arrow hits the gnoll sergeant but does no damage.
The gnoll sergeant is moderately wounded.
The gnoll sergeant hits you but does no damage.
You shoot an arrow.
The arrow closely misses the gnoll sergeant.
The gnoll sergeant hits you but does no damage.
You shoot an arrow.
The arrow hits the gnoll sergeant but does no damage.
The gnoll sergeant is moderately wounded.
The gnoll sergeant hits you but does no damage.
You shoot an arrow.
The arrow closely misses the gnoll sergeant.
The gnoll sergeant hits you from afar with a +0 trident.
You shoot an arrow.
The arrow barely misses the gnoll sergeant.
The gnoll sergeant barely misses you.
You shoot an arrow. The arrow hits the gnoll sergeant.
The gnoll sergeant is heavily wounded.
The gnoll sergeant hits you from afar with a +0 trident.
You shoot an arrow. The arrow hits the gnoll sergeant.
The gnoll sergeant is severely wounded.
The gnoll sergeant closely misses you.
The gnoll sergeant hits you from afar with a +0 trident!
You die...

#..# #........# .....
#.#######.######## ..#..
#................# ..###
#..####.....####.##...# #
#..#$.##...## #.##...# #
#..#...##.## #.##...# #
#..##..g#.# ##.##...# #
#...##.)#.#+ ##..#....###
#....###@..###...#.#.....
#........8.........#..###
##...###...###....)...##.
#..## +#.#+ ##..####.#..
#.## #.# ##......##. #.#
##.## #......##. #.#
##...## #.......%.
#.####.....####......###
#.................(..#


You could see a gnoll sergeant.

Vanquished Creatures
  Sigmund (D:4)
  A black bear (D:4)
  A scorpion (D:4)
  A jelly (D:4)
  10 adders
  4 river rats
  A shadow imp (D:4)
  A worm (D:2)
  A dart slug (D:3)
  2 orcs
  7 endoplasms
  4 giant cockroaches
  10 goblins
  11 hobgoblins
  5 jackals
  7 kobolds
  4 quokkas (Sewer)
  10 ball pythons
  9 bats
  4 frilled lizards
  11 rats
105 creatures vanquished.

Notes
Turn   | Place    | Note
-------+----------+-------------------------------------------
     0 | D:1      | qw the Gargoyle Hexslinger began the quest for the Orb.
     0 | D:1      | Reached XP level 1. HP: 12/12 MP: 2/2
     0 | D:1      | 0 ||| qw: Version: 0.3-a-52-g30416fa
     0 | D:1      | 0 ||| qw: Game counter: 5124
     0 | D:1      | 0 ||| qw: Melee chars always use a shield: true
     0 | D:1      | 0 ||| qw: God list: Okawaru
     0 | D:1      | 0 ||| qw: Allow faded altars: false
     0 | D:1      | 0 ||| qw: Do Orc after clearing Dungeon:15 true
     0 | D:1      | 0 ||| qw: Do second Lair branch before Depths: true
     0 | D:1      | 0 ||| qw: Lair rune preference: random
     0 | D:1      | 0 ||| qw: Goals: Normal
     0 | D:1      | 0 ||| PLANNING D:1-11
    68 | D:1      | Found a faded altar of an unknown god.
    94 | D:1      | Reached XP level 2. HP: 16/16 MP: 3/3
   111 | D:1      | HP: 3/16 [hobgoblin (4)]
   212 | D:1      | Reached skill level 3 in Ranged Weapons
   378 | D:1      | Reached XP level 3. HP: 21/21 MP: 4/4
   506 | D:1      | 506 ||| SWAPPING to +0 shortbow.
   509 | D:1      | 509 ||| DROPPING +1 sling.
   868 | D:1      | 868 ||| UPGRADING to +0 ring mail.
   878 | D:1      | 878 ||| DROPPING +0 robe.
   879 | D:1      | 879 ||| UPGRADING to +0 pair of boots.
   884 | D:1      | 884 ||| UPGRADING to +1 pair of boots.
   894 | D:1      | 894 ||| DROPPING +0 pair of boots.
   895 | D:1      | 895 ||| UPGRADING to +0 helmet.
   900 | D:1      | 900 ||| READING scroll labelled BIASAIMIUNK.
   901 | D:1      | 901 ||| READING scroll labelled MYUREAFRYPS.
   902 | D:1      | 902 ||| READING scroll labelled BOATEY SOOZ.
   903 | D:1      | 903 ||| DROPPING scroll of poison.
   913 | D:2      | Found Ypnor's Antique Armour Boutique.
   936 | D:2      | 936 ||| BUYING glowing robe (88 gold).
   936 | D:2      | Bought a glowing robe for 88 gold pieces
   936 | D:2      | 936 ||| SHOPLISTING pair of glowing boots (180 gold, have
                  | 13).
  1087 | D:2      | Found Acaaloy's Magic Scroll Boutique.
  1096 | D:2      | 1096 ||| SHOPLISTING scroll of enchant armour (90 gold,
                  | have 13).
  1096 | D:2      | 1096 ||| SHOPLISTING scroll of identify (24 gold, have 13).
  1096 | D:2      | 1096 ||| SHOPLISTING scroll of teleportation (36 gold, have
                  | 13).
  1101 | D:2      | Found Erphoiju's Assorted Antiques.
  1107 | D:2      | 1107 ||| SHOPLISTING 3 scrolls of identify (120 gold, have
                  | 13).
  1107 | D:2      | 1107 ||| SHOPLISTING cyan potion (18 gold, have 13).
  1107 | D:2      | 1107 ||| SHOPLISTING fuming orange potion (18 gold, have
                  | 13).
  1107 | D:2      | 1107 ||| SHOPLISTING glass wand (80 gold, have 13).
  1107 | D:2      | 1107 ||| SHOPLISTING runed scarf (160 gold, have 13).
  1107 | D:2      | 1107 ||| SHOPLISTING scroll labelled UPTEN ROCLI (20 gold,
                  | have 13).
  1158 | D:2      | Found Litiebluff's Antique Armour Shop.
  1161 | D:2      | 1161 ||| SHOPLISTING dyed leather armour (85 gold, have
                  | 13).
  1209 | D:2      | Reached skill level 1 in Armour
  1574 | D:2      | 1574 ||| UPGRADING to +0 robe of willpower.
  1584 | D:2      | 1584 ||| UPGRADING to +0 cloak.
  1589 | D:2      | 1589 ||| READING scroll labelled XOJUST RECIOX.
  1592 | D:2      | 1592 ||| READING scroll labelled BUAPHAO OHEM.
  1607 | D:2      | 1607 ||| READING scroll labelled VOFUOH YL XIOXT.
  1608 | D:2      | 1608 ||| DRINKING 2 inky potions.
  1659 | D:3      | Found a stormy altar of Qazlal.
  1729 | D:3      | Reached XP level 4. HP: 26/26 MP: 5/5
  1769 | D:3      | Reached skill level 4 in Ranged Weapons
  2365 | D:3      | 2365 ||| UPGRADING to scarf of resistance.
  2375 | D:3      | 2375 ||| UPGRADING to ring of protection from fire.
  2376 | D:3      | 2376 ||| DROPPING ring of flight.
  2397 | D:4      | 2397 ||| PLANNING SEWER
  2660 | D:4      | Found an ornate altar of the Wu Jian Council.
  2696 | D:4      | Reached XP level 5. HP: 30/30 MP: 6/6
  2773 | D:4      | Found a glowing drain.
  2774 | D:4      | 2774 ||| UPGRADING to +2 pair of boots.
  2784 | D:4      | 2784 ||| DROPPING +1 pair of boots.
  2788 | Sewer    | Entered a sewer
  2814 | Sewer    | 2814 ||| Stepping ~*~*~tactically~*~*~ (water).
  2835 | Sewer    | Reached skill level 5 in Ranged Weapons
  2870 | Sewer    | 2870 ||| Stepping ~*~*~tactically~*~*~ (water).
  2905 | Sewer    | 2905 ||| Stepping ~*~*~tactically~*~*~ (water).
  2921 | Sewer    | 2921 ||| Stepping ~*~*~tactically~*~*~ (water).
  2930 | Sewer    | 2930 ||| READING scroll labelled GOANUA PUMAWNI.
  3009 | Sewer    | Reached skill level 3 in Fighting
  3035 | Sewer    | Reached XP level 6. HP: 20/37 MP: 7/7
  3295 | Sewer    | 3295 ||| Stepping ~*~*~tactically~*~*~ (water).
  3297 | Sewer    | 3297 ||| Stepping ~*~*~tactically~*~*~ (water).
  3330 | Sewer    | 3330 ||| Stepping ~*~*~tactically~*~*~ (water).
  3562 | Sewer    | 3562 ||| DRINKING 2 fuming orange potions.
  3563 | Sewer    | 3563 ||| DROPPING potion of degeneration.
  3586 | D:4      | 3586 ||| PLANNING D:1-11
  3752 | D:4      | Noticed a black bear
  3761 | D:4      | Killed a black bear
  3762 | D:4      | Reached skill level 6 in Ranged Weapons
  3814 | D:4      | Noticed Sigmund
  3828 | D:4      | HP: 8/37 [something (6)]
  3829 | D:4      | Killed Sigmund
  3830 | D:4      | Reached XP level 7. HP: 10/44 MP: 8/8
  4017 | D:4      | HP: 10/44 [gnoll sergeant/+0 trident (4)]
  4026 | D:4      | HP: 11/44 [gnoll sergeant/+0 trident (2)]
  4029 | D:4      | Slain by a gnoll sergeant

Levels and vault maps discovered:
D:1:      ncdulo_watergridlock, layout_basic, shapermc_ecumenical_altar_petra,
          dk_noncrumbling_2
D:2:      layout_loops_ring, serial_shops, shop_statue, shop,
          nicolae_shop_rolling_square, shop, ebering_dispersal_statue_hall
D:3:      layout_basic, grunt_qazlal_sundering
D:4:      cheibrodos_barr_body, layout_basic, nicolae_wu_jian_wuxing_cycle,
          gup_sewer_entry_bowl, dreamdust_princess_corridor, uniq_sigmund

Skill      XL: |  1  2  3  4  5  6 |
---------------+-------------------+-----
Ranged Weapons | 3 4 5 6 |  6.5
Fighting       | 2 3 4 |  4.6
Armour         | 1 |  1.0
Dodging        | |  1.5
Spellcasting   | |  1.0
Hexes          | |  2.6

Action                     |  1- 3 |  4- 6 |  7- 9 || total
---------------------------+-------+-------+-------++-------
   Fire: Sling             |    58 |       |       ||    58
         Shortbow          |    70 |   262 |    35 ||   367
    Use: Scroll            |     6 |     1 |       ||     7
         Potion            |     1 |     1 |       ||     2
 Armour: Robe              |    12 |   109 |    16 ||   137
         Ring mail         |     2 |       |       ||     2
  Dodge: Dodged            |    30 |   141 |    29 ||   200

Table legend:
 A = Non-vault XP
 B = Vault XP
 C = Vault XP percentage of total XP
 D = Non-vault monster count
 E = Vault monster count
 F = Vault count percentage of total count
                 A         B        C        D         E       F
            +---------+---------+-------+---------+---------+-------
      Total |     325 |     485 |  59.9 |      66 |      39 |  37.1
            +---------+---------+-------+---------+---------+-------
        D:1 |      50 |       0 |   0.0 |      31 |       0 |   0.0
        D:2 |      25 |       0 |   0.0 |      15 |       0 |   0.0
        D:3 |      52 |       0 |   0.0 |       9 |       0 |   0.0
        D:4 |     198 |     316 |  61.5 |      11 |       6 |  35.3
      Sewer |       0 |     169 | 100.0 |       0 |      33 | 100.0
            +---------+---------+-------+---------+---------+-------
